 Dungeon Sprint DCSS version 0.17-a0-1450-g7e755d1 (webtiles) character file.

100 emikaela the Ruffian (level 4, 0/50 HPs)
             Began as a Troll Monk on July 1, 2015.
             Was an Initiate of Ru.
             Slain by a wasp (shapeshifter) (1 damage)
             ... in the Dungeon (Sprint V: "Ziggurat Sprint").
             The game lasted 00:04:08 (255 turns).

emikaela the Ruffian (Troll Monk)                    Turns: 255, Time: 00:04:08

Health: 0/50       AC:  5    Str: 19    XL:     4   Next: 46%
Magic:  3/3        EV:  7    Int:  6    God:    Ru [......]
Gold:   0          SH: 28    Dex: 25    Spells: 0 memorised, 3 levels left

rFire  . . .     SeeInvis .       - Unarmed
rCold  . . .     Clarity  .     a - +0 robe
rNeg   + . .     SustAt   .     K - +18 shield of the gong {rElec rN+ MR+ EV-5}
rPois  .         Gourm    +     (helmet restricted)
rElec  +         Spirit   .     (no cloak)
rCorr  .         Warding  .     (gloves unavailable)
rMut   .         NoTele   +     (boots unavailable)
MR     +....                    (no amulet)
Stlth  ..........               y - +6 ring of dexterity
                                x - +6 ring of dexterity

@: somewhat resistant to hostile enchantments, extremely unstealthy
A: unfitting armour, claws 3, fast metabolism 3, gourmand, regeneration 2,
shaggy fur 1, tough skin 2, no stealth
a: Renounce Religion


You were in the Dungeon.
You worshipped Ru.
Ru was noncommittal.
You were not hungry.

You visited 1 branch

Inventory:

Armour
 a - a +0 robe (worn)
 K - the +18 shield of the gong (worn) {rElec rN+ MR+ EV-5}
   (You found it in the Dungeon)

   It affects your evasion (-5).
   It insulates you from electricity.
   It protects you from negative energy.
   It affects your resistance to hostile enchantments.
Jewellery
 x - a +6 ring of dexterity (left claw)
 y - a +6 ring of dexterity (right claw)
 z - a +6 ring of intelligence
 A - a +6 ring of intelligence
 B - a +6 ring of strength
 C - a +6 ring of strength
 H - the ring of Morchy {*Confuse rC+ MR+ Int+2 Stlth+}
   (You found it in the Dungeon)

   [ring of stealth]

   It affects your intelligence (+2).
   It protects you from cold.
   It affects your resistance to hostile enchantments.
   It may confuse you when you take damage.
   It makes you more stealthy.
Magical devices
 D - a wand of disintegration (7)
 E - a wand of fire (5)
 F - a wand of cold (5)
 G - a wand of draining (5)
Scrolls
 h - 4 scrolls of blinking
 o - 4 scrolls of amnesia
 p - 3 scrolls of recharging
 q - 7 scrolls of fog
 r - a scroll of holy word
 s - 5 scrolls of identify
 t - 5 scrolls of remove curse
 u - 2 scrolls of fear
Potions
 c - 10 potions of curing
 d - 10 potions of heal wounds
 e - 6 potions of haste
 f - 7 potions of magic
 g - 3 potions of berserk rage
 i - 2 potions of brilliance
 j - 2 potions of invisibility
 k - 4 potions of resistance
 m - 5 potions of agility
 n - 5 potions of might
Books
 l - a book of Burglary
Miscellaneous
 Z - a disc of storms
Comestibles
 b - 6 bread rations
 v - 42 fruits
 w - 4 meat rations


   Skills:
 - Level 5.0 Fighting
 - Level 2.1 Armour
 - Level 5.0 Dodging
 + Level 2.7 Shields
 - Level 6.6 Unarmed Combat


You had 3 spell levels left.
You didn't know any spells.

Dungeon Overview and Level Annotations

Branches:
Dungeon (1/1)

Altars:
Ashenzari
Cheibriados
Dithmenos
Elyvilon
Fedhas
Gozag
Kikubaaqudgha
Makhleb
Nemelex Xobeh
Okawaru
Qazlal
Ru
Sif Muna
Trog
Vehumet
Xom
Yredelemnul
Zin
The Shining One
Beogh
Jiyva
Lugonu


Innate Abilities, Weirdness & Mutations

You are too large for most types of armour.
You have claws for hands.
Your metabolism is lightning-fast.
You like to eat raw meat.
You heal very quickly.
You are covered in fur (AC +1).
You have very tough skin (AC +2).
You cannot be stealthy.


Message History

You closely miss the white ugly thing.
The white ugly thing is heavily wounded.
You block the fire bat's attack.
PTOANNNG!
The white ugly thing claws you! The white ugly thing freezes you!!
Ouch! That really hurt!
You block the hound's attack.
GONNNNG!
You block the wasp's attack.
GONNNNG!
You closely miss the white ugly thing.
The white ugly thing is heavily wounded.
The fire bat bites you.
* * * LOW HITPOINT WARNING * * *
You are engulfed in flames.
* * * LOW HITPOINT WARNING * * *
You block the hound's attack.
BOUMMMMG!
The wasp stings you.
You die...

▓▓▓▓▓▓▓▓▓▓▓▓▓▓▓▓▓▓▓
▓.8©8.▓.8©8.▓.8©8.▓
▓..=|.▓.})..▓.....▓
▓.)|..▓.....▓.)...▓
▓.....▓.....▓..†..▓
▓.....▓.....▓.....▓
▓.huy.▓.....▓.....▓
▓..@b.▓.....▓▓▓▓▓▓▓
▓▓▓▓▓▓▓▓▓▓▓▓▓


You could see a white ugly thing (bleeding), a fire bat, a wasp and a hound
shaped shifter.

Vanquished Creatures
  A scorpion (shapeshifter) (D)
  A sheep (shapeshifter) (D)
  2 mummies (D)
  A giant gecko zombie (D)
5 creatures vanquished.

Notes
Turn   | Place    | Note
--------------------------------------------------------------
     0 | D        | emikaela the Troll Monk began the quest for the Orb.
     0 | D        | Reached XP level 1. HP: 22/22 MP: 0/0
     0 | D        | Found a roughly hewn altar of Beogh.
     0 | D        | Found a corrupted altar of Lugonu.
     0 | D        | Found a viscous altar of Jiyva.
     0 | D        | Found a white marble altar of Elyvilon.
     0 | D        | Found a sparkling altar of Nemelex Xobeh.
     0 | D        | Found a burning altar of Makhleb.
     0 | D        | Found an iron altar of Okawaru.
     0 | D        | Found a deep blue altar of Sif Muna.
     0 | D        | Found a radiant altar of Vehumet.
     0 | D        | Found a bloodstained altar of Trog.
     0 | D        | Found a shimmering altar of Xom.
    77 | D        | Became a worshipper of Ru the Awakened
    93 | D        | Reached skill level 5 in Unarmed Combat
    93 | D        | Reached XP level 2. HP: 27/33 MP: 1/1
   104 | D        | Gained mutation: You cannot be stealthy. [Ru sacrifice]
   108 | D        | Entered arena 1.
   108 | D        | Noticed a scorpion
   108 | D        | Noticed a porcupine
   108 | D        | a porcupine changed into a sheep
   114 | D        | Killed a scorpion
   114 | D        | Reached skill level 1 in Armour
   114 | D        | Reached skill level 6 in Unarmed Combat
   114 | D        | Reached XP level 3. HP: 13/41 MP: 2/2
   115 | D        | Reached skill level 5 in Fighting
   115 | D        | Reached skill level 5 in Dodging
   115 | D        | Reached XP level 4. HP: 15/50 MP: 3/3
   118 | D        | Got the +11 mace "Lew Wios" {pain, +Blink MR- Stlth+}
   183 | D        | Entered arena 2.
   193 | D        | Reached skill level 1 in Shields
   201 | D        | Got the cursed +1 dagger of the Unkillable {freeze, rC+ Dex+2 Stlth+}
   204 | D        | Got the ring of Morchy {*Confuse rC+ MR+ Int+2 Stlth+}
   249 | D        | Entered arena 3.
   249 | D        | Noticed a boggart
   249 | D        | Noticed a fire bat
   249 | D        | Noticed a wasp
   249 | D        | Noticed a white ugly thing
   251 | D        | a boggart changed into a hound
   255 | D        | HP: 1/50 [fire bat (shapeshifter) (6)]
   255 | D        | Slain by a wasp (shapeshifter)

Vault maps used:
D:        sprint_v

Action                   |  1- 3 |  4- 6 || total
-------------------------+-------+-------++-------
Melee: Unarmed           |     6 |    15 ||    21
Invok: Sacrifice Stealth |     1 |       ||     1
  Use: Potion            |     1 |       ||     1
